 Dungeon Crawl Stone Soup version 0.30-a0-883-g5ad918d77d (webtiles) character file.

Game seed: 16284230616004676954

20015 Ijustatesigmund the Thaumaturge (level 12, -2/92 HPs)
             Began as a Gnoll Fire Elementalist on Mar 16, 2023.
             Was an Elder of Okawaru.
             Killed from afar by a red draconian (25 damage)
             ... with a searing blast
             ... in a volcano.
             The game lasted 00:40:57 (16026 turns).

Ijustatesigmund the Thaumaturge (GnFE)             Turns: 16026, Time: 00:40:57

Health: -2/92      AC: 19    Str: 12    XL:     12   Next: 75%
Magic:  31/34      EV: 17    Int: 18    God:    Okawaru [****..]
Gold:   611        SH: 12    Dex: 12    Spells: 19/29 levels left

rFire   . . .      SeeInvis .    B - +5 demon whip (venom)
rCold   . . .      Faith    .    X - +0 kite shield
rNeg    . . .      Spirit   .    a - +0 steam dragon scales
rPois   +          Reflect  .    K - +2 hat of Zorath {rCorr Str+2}
rElec   .          Rampage  .    o - +1 cloak {rCorr}
rCorr   +                        V - +0 pair of gloves
Will    +....                    u - +0 pair of boots
Stlth   +++++                    J - amulet "Jahink" {Acrobat MP+9}
HPRegen 0.35/turn                z - +4 ring of protection
MPRegen 0.24/turn                t - +4 ring of slaying

@: heroic
A: fangs 1, strong nose, distributed training, antennae 1, strong-willed 1,
poison resistance
a: Renounce Religion, Heroism, Finesse


You were in a volcano.
You worshipped Okawaru.
Okawaru was greatly pleased with you.
You visited 3 branches of the dungeon, and saw 16 of its levels.
You also visited: Sewer and Volcano.

You collected 611 gold pieces.

Inventory:

Hand Weapons
 f - a +1 flail of protection
 p - a +4 quarterstaff of electrocution
 B - a +5 demon whip of venom (weapon)
Missiles
 U - 2 silver javelins
Armour
 a - +0 steam dragon scales (worn)
 o - a +1 cloak of preservation (worn)
 u - a +0 pair of boots (worn)
 K - the +2 hat of Zorath (worn) {rCorr Str+2}
   (Okawaru gifted it to you on level 12 of the Dungeon)

   Str:       It affects your strength (+2).
   rCorr:     It protects you from acid and corrosion.
 V - a +0 pair of gloves (worn)
 X - a +0 kite shield (worn)
Magical Staves
 l - a staff of cold
 D - a staff of conjuration
Jewellery
 i - a ring of ice
 t - a +4 ring of slaying (right hand)
 x - a +6 ring of strength
 y - a ring of flight
 z - a +4 ring of protection (left hand)
 E - a ring of willpower
 J - the amulet "Jahink" (around neck) {Acrobat MP+9}
   (You found it on level 7 of the Dungeon)

   [amulet of the acrobat]

   It increases your evasion while moving and waiting.
   MP:        It affects your magic capacity (+9).
 L - a ring of willpower
 O - a +6 ring of intelligence
 P - a +4 ring of slaying
 R - a +6 ring of intelligence
 T - an amulet of regeneration
 W - an amulet of reflection
Wands
 r - a wand of iceblast (4)
 M - a wand of mindburst (4)
Scrolls
 q - a scroll of amnesia
 w - 2 scrolls of blinking
 C - 2 scrolls of fear
 I - 2 scrolls of fog
 S - a scroll of immolation
Potions
 b - 2 potions of magic
 c - 2 potions of resistance
 d - 3 potions of curing
 h - 2 potions of ambrosia
 j - 3 potions of might
 k - a potion of brilliance
 n - 3 potions of flight
 s - 2 potions of haste
 v - 3 potions of mutation
 F - a potion of invisibility {unknown}
 G - a potion of degeneration {unknown}
 H - a potion of lignification {unknown}
 N - a potion of attraction {unknown}


   Skills:
 + Level 7.9(12.9) Fighting
 + Level 7.9(12.9) Short Blades
 + Level 7.9(12.9) Long Blades
 + Level 7.9(12.9) Axes
 + Level 7.9(12.9) Maces & Flails
 + Level 7.9(12.9) Polearms
 + Level 7.9(12.9) Staves
 + Level 7.9(12.9) Ranged Weapons
 + Level 7.9(12.9) Throwing
 + Level 7.9(12.9) Armour
 + Level 9.2(14.2) Dodging
 + Level 9.0(14.0) Stealth
 + Level 7.9(12.9) Shields
 + Level 7.9(12.9) Unarmed Combat
 + Level 9.4 Spellcasting
 + Level 6.9 Conjurations
 + Level 6.5 Hexes
 + Level 6.5 Summonings
 + Level 6.5 Necromancy
 + Level 6.5 Translocations
 + Level 6.5 Transmutations
 + Level 8.6 Fire Magic
 + Level 6.5 Ice Magic
 + Level 6.5 Air Magic
 + Level 6.5 Earth Magic
 + Level 6.5 Poison Magic
 + Level 8.6 Invocations
 + Level 7.9 Evocations


You had 19 spell levels left.
You knew the following spells:

 Your Spells              Type           Power      Damage    Failure   Level
a - Foxfire               Conj/Fire      100%       2x1d9     1%          1
b - Scorch                Fire           78%        2d8       1%          2
c - Vhi's Electric Charg  Tloc/Air       64%        N/A       3%          3
d - Flame Wave            Conj/Fire      36%        2d10      6%          4

Your spell library contained the following spells:

 Spells                   Type           Power      Damage    Failure   Level
 Shock                    Conj/Air       100%       1d9       1%          1
 Ensorcelled Hibernation  Hex/Ice        64%        N/A       1%          2
 Passwall                 Tmut/Erth      26%        N/A       1%          2
 Static Discharge         Conj/Air       64%        2-5/arc   1%          2
 Inner Flame              Hex/Fire       35%        N/A       2%          3
 Kindle Blastsparks       Fire/Tloc/Air  68%        2d15      2%          3
 Swiftness                Air            32%        N/A       3%          3
 Airstrike                Air            16%        2d(3-19)  11%         4
 Arcjolt                  Conj/Air       16%        1d26      28%         5
 Lightning Bolt           Conj/Air       16%        1d30      28%         5
 Borgnjor's Revivificati  Necr           16%        N/A       100%        8
 Maxwell's Capacitive Co  Air            16%        ∞         100%        8
 Necromutation            Tmut/Necr      16%        N/A       100%        8
 Death's Door             Necr           16%        N/A       100%        9


Dungeon Overview and Level Annotations

Branches:
Dungeon (14/15)            Temple (1/1) D:4            Lair (1/5) D:11
    Orc (0/2) D:11          Sewer (visited)         Volcano (1/1)
 Vaults: D:13-14

Altars:
Ashenzari
Cheibriados
Dithmenos
Elyvilon
Fedhas
Gozag
Hepliaklqana
Kikubaaqudgha
Makhleb
Nemelex Xobeh
Okawaru
Qazlal
Ru
Sif Muna
Trog
Uskayaw
Vehumet
Wu Jian
Xom
Yredelemnul
Zin
The Shining One

Shops:
D:5 :[:   D:10 =

Annotations:
D:5 2 transporters
D:9 3 runed translucent doors, TimeIsEndless's ghost, novice TeHu


Innate Abilities, Weirdness & Mutations

You have very sharp teeth.
Your uncanny sense of smell can sniff out nearby items.
Your experience applies equally to all skills.
You have a pair of small antennae on your head.
You are strong-willed. (Will+)
Your system is resistant to poisons. (rPois)


Message History

The red draconian is engulfed in blazing flames.
The red draconian barely misses you.
You whack the red draconian!
The red draconian looks as sick as possible!
The red draconian is heavily wounded.
You catch the helpless red draconian completely off-guard!
You hit the red draconian.
The red draconian looks as sick as possible!
Your bite misses the red draconian.
The red draconian is heavily wounded.
The red draconian is engulfed in blazing flames.
The red draconian breathes fire at you. The searing blast hits you!!
* * * LOW HITPOINT WARNING * * *
Unknown command.
You strike the helpless red draconian from behind!
You hit the red draconian but do no damage.
The red draconian is heavily wounded.
The red draconian is engulfed in blazing flames.
The red draconian closely misses you.
You whack the red draconian!
The red draconian is severely wounded.
You hit the red draconian but do no damage.
The red draconian is severely wounded.
You block the red draconian's attack.
You hit the red draconian but do no damage.
The red draconian is severely wounded.
You hit the red draconian.
The red draconian looks as sick as possible!
The red draconian is severely wounded.
The red draconian hits you with a +0 halberd of flaming!
* * * LOW HITPOINT WARNING * * *
The red draconian burns you.
* * * LOW HITPOINT WARNING * * *
You feel better.
The red draconian is no longer blind.
The red draconian barely misses you.
You feel better. The red draconian breathes fire at you.
The searing blast hits you!!
You die...

≈§≈§§§ §≈§≈≈≈≈§§≈≈ ≈§≈≈ §≈≈≈≈§§§
§§≈§ ######### ≈≈ ≈≈ .'.....+ ≈≈
#.8_8.# §≈ #..)..# § #c# #d# #@#
∆∆∆ #.# ∆∆∆ ∆∆∆ #.# ∆∆∆ ∆∆ #.# ∆∆
§ #°# §≈≈≈≈≈ ≈≈.########'#####
#§§≈§≈≈≈≈ ≈
≈§≈≈.................≈§§≈≈≈≈≈ §
≈§≈§≈≈≈≈≈≈§≈≈≈≈≈≈≈≈≈≈≈≈≈§≈≈§§§≈
≈≈≈≈§§§≈≈≈≈≈≈≈≈≈≈≈§≈§≈≈§§≈§§≈≈≈≈≈


You could see a red draconian (extremely poisoned, catching breath) and a
yaktaur.

Vanquished Creatures
  A centaur warrior (Arena)
  3 two-headed ogres (D:12)
  2 boulder beetles
  The ghost of EiAlmux the Frost Mage, a journeyman DECj of Vehumet (D:11)
  2 skeletal warriors (D:11)
  Amaemon (D:10)
  A manticore (D:12)
  2 cyclopes
  A black mamba (shapeshifter) (D:14)
  An orange demon (D:11)
  2 unseen horrors
  3 meliai (D:13)
  3 trolls
  Prince Ribbit (D:8)
  3 slime creatures (D:13)
  A vampire (D:12)
  A shadow (D:12)
  18 yaks
  4 wyverns
  Grum (D:8)
  2 fire bats (Volcano)
  3 steam dragons
  An acid dragon (D:10)
  4 water moccasins
  2 orc warriors
  A sky beast (D:8)
  2 black bears
  2 ice beasts
  2 ogres
  7 wolves
  6 centaurs
  A phantom (D:5)
  3 kobold brigands
  2 bullfrogs (D:7)
  4 gnoll sergeants
  2 scorpions
  19 wights
  3 killer bees (D:9)
  An electric eel (D:11)
  2 howler monkeys (D:8)
  7 lava snakes (Volcano)
  7 hounds
  2 jellies (D:6)
  An orc priest (D:8)
  3 gnoll boudas
  Crazy Yiuf (D:2)
  3 iguanas
  A sleepcap (D:4)
  6 orc wizards
  A hell rat (Sewer)
  A boggart simulacrum (D:10)
  33 gnolls
  6 adders
  3 river rats (Sewer)
  A shadow imp (D:8)
  A white imp (D:8)
  An ufetubus (D:5)
  2 worms
  4 dart slugs
  19 orcs
  6 ball pythons
  4 bats
  9 endoplasms
  6 giant cockroaches
  A goblin (D:3)
  2 hobgoblins
  5 jackals
  2 quokkas
  4 frilled lizards
  30 kobolds
  12 rats
305 creatures vanquished.

Vanquished Creatures (others)
  A kobold brigand (D:8)
  564 foxfires
  A fungus (Lair:1)
  A plant (Lair:1)
  2 withered plants (D:7)
569 creatures vanquished.

Grand Total: 874 creatures vanquished

Notes
Turn   | Place    | Note
-------+----------+-------------------------------------------
     0 | D:1      | Ijustatesigmund the Gnoll Fire Elementalist began the quest
                  | for the Orb.
     0 | D:1      | Reached XP level 1. HP: 13/13 MP: 6/6
    96 | D:1      | Reached XP level 2. HP: 19/19 MP: 2/7
   477 | D:1      | Found a faded altar of an unknown god.
   855 | D:2      | Reached skill level 5 in Spellcasting
   855 | D:2      | Reached XP level 3. HP: 25/25 MP: 3/9
  1127 | D:2      | Learned a level 2 spell: Scorch
  1356 | D:2      | Found a runed translucent door.
  1357 | D:2      | Noticed Crazy Yiuf
  1367 | D:2      | Killed Crazy Yiuf
  1368 | D:2      | Reached skill level 1 in Fighting
  1368 | D:2      | Reached skill level 1 in Short Blades
  1368 | D:2      | Reached skill level 1 in Long Blades
  1368 | D:2      | Reached skill level 1 in Axes
  1368 | D:2      | Reached skill level 1 in Maces & Flails
  1368 | D:2      | Reached skill level 1 in Polearms
  1368 | D:2      | Reached skill level 1 in Staves
  1368 | D:2      | Reached skill level 1 in Ranged Weapons
  1368 | D:2      | Reached skill level 1 in Throwing
  1368 | D:2      | Reached skill level 1 in Armour
  1368 | D:2      | Reached skill level 1 in Shields
  1368 | D:2      | Reached skill level 1 in Unarmed Combat
  1368 | D:2      | Reached skill level 1 in Invocations
  1368 | D:2      | Reached skill level 1 in Evocations
  1368 | D:2      | Reached XP level 4. HP: 13/32 MP: 1/11
  1761 | D:3      | Reached skill level 1 in Hexes
  1761 | D:3      | Reached skill level 1 in Summonings
  1761 | D:3      | Reached skill level 1 in Necromancy
  1761 | D:3      | Reached skill level 1 in Translocations
  1761 | D:3      | Reached skill level 1 in Transmutations
  1761 | D:3      | Reached skill level 1 in Ice Magic
  1761 | D:3      | Reached skill level 1 in Air Magic
  1761 | D:3      | Reached skill level 1 in Earth Magic
  1761 | D:3      | Reached skill level 1 in Poison Magic
  2095 | D:3      | Reached XP level 5. HP: 36/37 MP: 12/12
  2147 | D:3      | Found a glowing drain.
  2151 | Sewer    | Entered a sewer
  2696 | D:3      | Noticed a black bear
  2701 | D:3      | Killed a black bear
  2702 | D:3      | Reached skill level 5 in Dodging
  2702 | D:3      | Reached XP level 6. HP: 44/44 MP: 8/14
  2861 | D:4      | Noticed a steam dragon
  3340 | D:4      | Killed a steam dragon
  3341 | D:4      | Reached XP level 7. HP: 51/51 MP: 12/15
  3803 | D:4      | Found a staircase to the Ecumenical Temple.
  3978 | Temple   | Entered the Ecumenical Temple
  4128 | Temple   | Became a worshipper of Warmaster Okawaru
  4153 | D:5      | Entered Level 5 of the Dungeon
  4169 | D:5      | Found a transporter.
  4252 | D:5      | Reached skill level 5 in Stealth
  4446 | D:5      | Reached * piety under Okawaru
  4447 | D:5      | Reached XP level 8. HP: 27/58 MP: 7/16
  4679 | D:5      | Found Buecvige's Antique Armour Shop.
  5096 | D:5      | Found Todif's Book Shop.
  5232 | D:5      | Found a transporter.
  5381 | D:5      | Found Otonazal's Book Shop.
  5485 | D:5      | Learned a level 2 spell: Static Discharge
  6396 | D:7      | Reached XP level 9. HP: 37/65 MP: 12/18
  6522 | D:7      | Reached ** piety under Okawaru
  7356 | D:6      | Found a sacrificial altar of Ru.
  7357 | D:6      | Found an ornate altar of the Wu Jian Council.
  7783 | D:7      | Identified the amulet "Jahink" {Acrobat MP+9}
  7800 | D:7      | Found a basalt altar of Yredelemnul.
  7820 | D:7      | Reached skill level 5 in Invocations
  8474 | D:8      | Reached *** piety under Okawaru
  8681 | D:8      | Noticed Prince Ribbit
  8694 | D:8      | Reached skill level 5 in Fighting
  8694 | D:8      | Reached skill level 5 in Short Blades
  8694 | D:8      | Reached skill level 5 in Long Blades
  8694 | D:8      | Reached skill level 5 in Axes
  8694 | D:8      | Reached skill level 5 in Maces & Flails
  8694 | D:8      | Reached skill level 5 in Polearms
  8694 | D:8      | Reached skill level 5 in Staves
  8694 | D:8      | Reached skill level 5 in Ranged Weapons
  8694 | D:8      | Reached skill level 5 in Throwing
  8694 | D:8      | Reached skill level 5 in Armour
  8694 | D:8      | Reached skill level 5 in Shields
  8694 | D:8      | Reached skill level 5 in Unarmed Combat
  8694 | D:8      | Reached skill level 5 in Evocations
  8694 | D:8      | Reached XP level 10. HP: 26/66 MP: 20/20
  8707 | D:8      | Killed Prince Ribbit
  8771 | D:8      | Noticed a two-headed ogre
  9130 | D:8      | Noticed Grum
  9133 | D:8      | Received a gift from Okawaru
  9167 | D:9      | Reached skill level 5 in Conjurations
  9358 | D:8      | Killed Grum
  9891 | D:9      | Reached **** piety under Okawaru
 10177 | D:9      | Found a snail-covered altar of Cheibriados.
 10244 | D:9      | Found a runed translucent gate.
 10244 | D:9      | Found a runed translucent gate.
 10244 | D:9      | Found a runed translucent gate.
 10245 | D:9      | Noticed TimeIsEndless's ghost (novice TeHu)
 10245 | D:9      | Noticed a kobold demonologist
 10245 | D:9      | Noticed a kobold demonologist
 10246 | D:9      | Noticed a kobold demonologist
 10330 | D:9      | Found a sparkling altar of Nemelex Xobeh.
 10412 | D:9      | Found a hazy altar of Hepliaklqana.
 10514 | D:10     | Entered Level 10 of the Dungeon
 10520 | D:10     | Learned a level 3 spell: Vhi's Electric Charge
 10729 | D:10     | Found a shimmering altar of Xom.
 10847 | D:10     | Received a gift from Okawaru
 10937 | D:10     | Found Ustreb's Jewellery Boutique.
 10963 | D:10     | Reached skill level 5 in Hexes
 10963 | D:10     | Reached skill level 5 in Summonings
 10963 | D:10     | Reached skill level 5 in Necromancy
 10963 | D:10     | Reached skill level 5 in Translocations
 10963 | D:10     | Reached skill level 5 in Transmutations
 10963 | D:10     | Reached skill level 5 in Ice Magic
 10963 | D:10     | Reached skill level 5 in Air Magic
 10963 | D:10     | Reached skill level 5 in Earth Magic
 10963 | D:10     | Reached skill level 5 in Poison Magic
 11237 | D:10     | Gained mutation: You are strong-willed. (Will+) [potion of
                  | mutation]
 11237 | D:10     | Gained mutation: You have a pair of small antennae on your
                  | head. [potion of mutation]
 11237 | D:10     | Gained mutation: Your system is resistant to poisons.
                  | (rPois) [potion of mutation]
 11404 | D:11     | Killed an unseen horror
 11404 | D:11     | Reached ***** piety under Okawaru
 11405 | D:11     | Reached XP level 11. HP: 69/81 MP: 23/23
 11409 | D:11     | Noticed a skeletal warrior
 11409 | D:11     | Noticed a skeletal warrior
 11410 | D:11     | Noticed Amaemon
 11424 | D:10     | Killed Amaemon
 11424 | D:10     | Received a gift from Okawaru
 11655 | D:11     | Noticed a skeletal warrior
 11666 | D:12     | Noticed a two-headed ogre
 11859 | D:12     | Noticed a cyclops
 11863 | D:12     | Killed a two-headed ogre
 11866 | D:12     | Killed a cyclops
 12033 | D:11     | Received a gift from Okawaru
 12377 | D:11     | Found a staircase to the Lair.
 12536 | D:11     | Found a runed translucent door.
 12537 | D:11     | Noticed EiAlmux's ghost (journeyman DECj)
 12552 | D:11     | Killed EiAlmux's ghost
 12569 | D:11     | Learned a level 4 spell: Flame Wave
 12765 | D:11     | Noticed a boulder beetle
 12780 | D:11     | Noticed a cyclops
 12782 | D:11     | Killed a cyclops
 12788 | D:11     | Killed a boulder beetle
 12926 | D:11     | Killed a skeletal warrior
 12992 | D:11     | Noticed a skeletal warrior
 13154 | D:11     | Killed a skeletal warrior
 13154 | D:11     | Received a gift from Okawaru
 13155 | D:11     | Reached XP level 12. HP: 16/91 MP: 24/24
 13407 | D:11     | Found a staircase to the Orcish Mines.
 13506 | D:12     | Noticed a two-headed ogre
 13512 | D:12     | Noticed a boulder beetle
 13518 | D:12     | Killed a two-headed ogre
 13533 | D:12     | Killed a boulder beetle
 14287 | D:14     | Received a gift from Okawaru
 14546 | D:13     | Noticed an ogre mage
 14557 | D:13     | Noticed a two-headed ogre
 14878 | D:12     | Killed a two-headed ogre
 14878 | D:12     | Identified the +2 hat of Zorath {rCorr Str+2} (Okawaru
                  | gifted it to you on level 12 of the Dungeon)
 14878 | D:12     | Received a gift from Okawaru
 15406 | Lair:1   | Entered Level 1 of the Lair of Beasts
 15537 | Lair:1   | Found a dark tunnel.
 15544 | Lair:1   | Noticed a boulder beetle
 15546 | Volcano  | Entered a volcano
 15981 | Volcano  | Found a bloodstained altar of Trog.
 15981 | Volcano  | Noticed a centaur warrior
 15986 | Volcano  | Noticed a red draconian
 15988 | Arena    | Entered the Arena
 15996 | Arena    | Killed a centaur warrior
 16026 | Volcano  | Killed from afar by a red draconian

Illustrated notes

Levels and vault maps discovered:
D:1:      dpeg_arrival_erosion, layout_rooms, shapermc_ecumenical_altar_ellora
D:2:      layout_rooms, uniq_crazy_yiuf_cottage
D:3:      layout_loops_corners, gup_sewer_entry_bowl
D:4:      layout_cave_pools, minmay_temple_entry_large_hall
D:5:      gammafunk_wand_slinger, layout_loops_ring, serial_shops,
          nicolae_shop_trees, nicolae_shop_competitors_out_of_business,
          kennysheep_little_box, st_stairs_10, kennysheep_nondescript,
          kennysheep_minor_cross
D:6:      layout_loops_cross, nicolae_overflow_squiral
D:7:      layout_cave_pools, yredelemnul_altar_generic
D:8:      layout_cave_pools, serial_bayou_pond_d, reono_crystal_passage,
          st_stairs_13, kennysheep_path_1, hex_large, uniq_prince_ribbit1,
          uniq_grum
D:9:      layout_cross, slow_altar_1, nicolae_hepliaklqana_hazy_memory,
          nemelex_diamond_rough_becter, gammafunk_ghost_nasty_kobolds
D:10:     layout_cave_pools, mainiacjoe_overflow_alcove_4, serial_glass,
          glass_columns_b, glass_columns_b, glass_columns_a, glass_columns_a,
          minmay_shop_enchanted_jewellery, st_stairs_13
D:11:     layout_gridville, erik_lair_island, orc_0_dummy,
          ebering_ghost_reflecting_pool, uniq_amaemon
D:12:     layout_rooms
D:13:     layout_loops_ring, hangedman_vaults_entry_quadrant_bands,
          st_stairs_10, fedhas_altar_2
D:14:     layout_small_grid, minmay_crystal_water, serial_shops,
          nicolae_shop_trees, uniq_kirke
Temple:   nicolae_temple_bog_church
Lair:1:   layout_cave_pods, nicolae_volcano_entry_two_sided
Volcano:  volcano_lake [vl_original]

Skill      XL: |  1  2  3  4  5  6  7  8  9 10 11 12 |
---------------+-------------------------------------+-----
Conjurations   | 2 3 4 5 6 |  6.9
Spellcasting   | 5 6 7 8 9 |  9.4
Fighting       | 1 2 3 4 5 6 7 |  7.9
Short Blades   | 1 2 3 4 5 6 7 |  7.9
Long Blades    | 1 2 3 4 5 6 7 |  7.9
Axes           | 1 2 3 4 5 6 7 |  7.9
Maces & Flails | 1 2 3 4 5 6 7 |  7.9
Polearms       | 1 2 3 4 5 6 7 |  7.9
Staves         | 1 2 3 4 5 6 7 |  7.9
Ranged Weapons | 1 2 3 4 5 6 7 |  7.9
Throwing       | 1 2 3 4 5 6 7 |  7.9
Armour         | 1 2 3 4 5 6 7 |  7.9
Shields        | 1 2 3 4 5 6 7 |  7.9
Unarmed Combat | 1 2 3 4 5 6 7 |  7.9
Invocations    | 1 2 3 4 5 6 7 8 |  8.6
Evocations     | 1 2 3 4 5 6 7 |  7.9
Hexes          | 1 2 3 4 5 6 |  6.5
Summonings     | 1 2 3 4 5 6 |  6.5
Necromancy     | 1 2 3 4 5 6 |  6.5
Translocations | 1 2 3 4 5 6 |  6.5
Transmutations | 1 2 3 4 5 6 |  6.5
Ice Magic      | 1 2 3 4 5 6 |  6.5
Air Magic      | 1 2 3 4 5 6 |  6.5
Earth Magic    | 1 2 3 4 5 6 |  6.5
Poison Magic   | 1 2 3 4 5 6 |  6.5
Dodging        | 5 6 7 8 9 |  9.2
Stealth        | 5 6 7 8 9 |  9.0
Fire Magic     | 6 7 8 |  8.6

Action                     |  1- 3 |  4- 6 |  7- 9 | 10-12 || total
---------------------------+-------+-------+-------+-------++-------
  Melee: Quarterstaff      |       |    66 |   174 |   355 ||   595
         Bite              |       |     3 |    18 |    55 ||    76
         Demon whip        |       |       |       |    89 ||    89
   Cast: Foxfire           |    63 |    37 |   141 |    89 ||   330
         Scorch            |     4 |     9 |    39 |    16 ||    68
         Static Discharge  |       |       |    15 |     5 ||    20
         Vhi's Electric Ch |       |       |       |    13 ||    13
 Invoke: Heroism           |       |       |     2 |    13 ||    15
         Duel              |       |       |       |     1 ||     1
  Evoke: Wand              |       |       |       |    17 ||    17
    Use: Scroll            |     2 |    12 |     7 |    11 ||    32
         Potion            |       |     1 |     3 |     9 ||    13
   Stab: Sleeping          |       |     3 |     1 |     5 ||     9
         Invisible         |       |       |       |     2 ||     2
 Armour: Robe              |       |    33 |     2 |       ||    35
         Steam dragon scal |       |       |    80 |   188 ||   268
  Dodge: Dodged            |     4 |    51 |   268 |   448 ||   771
  Block: Kite shield       |       |       |       |    45 ||    45

Table legend: (Time is in decaauts)
 A = Elapsed time spent in this place.
 B = Non-inter-level travel time spent in this place.
 C = Inter-level travel time spent in this place.
 D = Time resting spent in this place.
 E = Time spent auto-exploring this place.
 F = Levels seen in this place.
 G = Mean time per level.
                   A        B        C        D        E       F      G
               +--------+--------+--------+--------+--------+-----+--------+
         Total |  16050 |  15339 |    711 |   5490 |   7167 |  19 |  844.7 |
       Dungeon |  14971 |  14288 |    683 |   5204 |   6770 |  14 | 1069.4 |
        Temple |    171 |    144 |     27 |      0 |    131 |   1 |  171.0 |
          Lair |    131 |    131 |      0 |     60 |      0 |   1 |  131.0 |
         Sewer |    306 |    306 |      0 |    124 |    109 |   1 |  306.0 |
       Volcano |    449 |    449 |      0 |     87 |    157 |   1 |  449.0 |
         Arena |     19 |     19 |      0 |     14 |      0 |   1 |   19.0 |
               +--------+--------+--------+--------+--------+-----+--------+

Top non-repeatable levels by time:
     D:6: 1632 daAuts
    D:12: 1551 daAuts
     D:5: 1393 daAuts
     D:3: 1319 daAuts
    D:11: 1306 daAuts
     D:8: 1268 daAuts
     D:7: 1236 daAuts
    D:10: 1078 daAuts
     D:9: 1010 daAuts
     D:4: 906 daAuts
     D:2: 795 daAuts
     D:1: 787 daAuts
 Volcano: 449 daAuts
    D:13: 438 daAuts
   Sewer: 306 daAuts
